 Dungeon Crawl Stone Soup version 0.17-a0-1007-gb2305a1 (webtiles) character file.

71 Const the Magician (level 4, -5/24 HPs)
             Began as a Deep Elf Wizard on May 13, 2015.
             Killed by divine providence
             ... invoked by an orc priest
              (12 damage)
             ... on level 4 of the Dungeon.
             The game lasted 00:08:48 (2489 turns).

Const the Magician (Deep Elf Wizard)                Turns: 2489, Time: 00:08:48

Health: -5/24      AC:  3    Str:  4    XL:     4   Next: 5%
Magic:  11/14      EV: 12    Int: 24    God:
Gold:   99         SH:  3    Dex: 13    Spells: 5 memorised, 5 levels left

rFire  . . .     SeeInvis .     e - +0 short sword
rCold  . . .     Clarity  .     n - +0 robe (curse)
rNeg   . . .     SustAb   .     g - +0 buckler
rPois  .         Gourm    .     b - +0 hat
rElec  .         Spirit   .     o - +0 cloak
rCorr  .         Warding  .     (no gloves)
rMut   .         Stasis   .     (no boots)
MR     .....                    (no amulet)
Stlth  ++........               (no ring)
                                (no ring)

@: not resistant to hostile enchantments, unstealthy
A: no striking features
a: no special abilities


You were on level 4 of the Dungeon.
You were not hungry.

You visited 1 branch of the dungeon, and saw 4 of its levels.

You collected 99 gold pieces.

Inventory:

Hand weapons
 e - a +0 short sword (weapon)
Armour
 b - a +0 hat (worn)
 g - a +0 buckler (worn)
 n - a cursed +0 robe (worn)
 o - a +0 cloak (worn)
Scrolls
 f - 2 scrolls of identify
 h - a scroll of enchant weapon
 i - 2 scrolls of magic mapping
 j - a scroll of teleportation
 k - a scroll of noise
 m - 2 scrolls of remove curse
Potions
 l - a potion of brilliance
Books
 c - a book of Minor Magic

   Spells                             Type                      Level
   a - Magic Dart                     Conjuration                  1
   b - Blink                          Translocation                2
   c - Call Imp                       Summoning                    2
   d - Repel Missiles                 Charms/Air                   2
   e - Slow                           Hexes                        2
   f - Conjure Flame                  Conjuration/Fire             3
   g - Mephitic Cloud                 Conjuration/Poison/Air       3
Comestibles
 a - a beef jerky
 d - 2 bread rations


   Skills:
 + Level 2.7 Dodging
 - Level 2.4 Stealth
 * Level 6.5 Spellcasting
 + Level 1.3 Conjurations
 - Level 1.1 Summonings
 - Level 1.1 Translocations


You had 5 spell levels left.
You knew the following spells:

 Your Spells              Type           Power        Failure   Level  Hunger
a - Magic Dart            Conj           ##..         10%         1    None
b - Blink                 Tloc           N/A          14%         2    None
c - Call Imp              Summ           ##......     14%         2    None
d - Conjure Flame         Conj/Fire      ##......     34%         3    None
e - Mephitic Cloud        Conj/Pois/Air  ##......     34%         3    None


Dungeon Overview and Level Annotations

Branches:
Dungeon (4/15)
 Temple: D:4-7

Altars:

Annotations:
D:3 Grinder


Message History

An orc wizard comes into view. It is wielding a dagger.
You see here a scroll of remove curse.
Your magical contamination has completely faded away.
You see here a scroll of remove curse.
m - 2 scrolls of remove curse (gained 1)
The orc wizard mumbles some strange words.
The orc wizard flickers and vanishes!
Deactivating autopickup; reactivate with Ctrl-A.
The orc wizard gestures at you while chanting.
The puff of frost misses you.
A magic dart appears from out of thin air!
The magic dart hits you!
The orc priest invokes the aid of Beogh against you.
Something smites you!
Ouch! That really hurt!
* * * LOW HITPOINT WARNING * * *
The orc priest calls down the wrath of Beogh upon you.
Something smites you!
Ouch! That really hurt!
You die...

..........#....# ..#.#
#.#.# #.# #.#.###...###.#
#.#.##.....##.# ..
#...†.........#####
....####.....†............
♣......[...........#.#####
P...###........(.....#
....# #..@.......##..#
.....##..#.##.#####....
#.....#..#...... ...###
...................... .
#.....#o#.###.#####.#.# .
##...##o#)# .# .#.#
##S......# # ....##.#.....
### #. $.####


You could see an orc priest, an orc wizard and an adder.

Vanquished Creatures
  A gnoll (D:1)
  2 adders (D:2)
  A giant gecko (D:2)
  An orc (D:4)
  2 giant cockroaches (D:1)
  6 goblins
  2 hobgoblins (D:1)
  4 kobolds
  5 bats
  9 rats
33 creatures vanquished.

Vanquished Creatures (collateral kills)
  An adder (D:3)
  2 worms (D:2)
  A giant gecko (D:3)
  An orc (D:3)
  A bat (D:2)
  A giant cockroach (D:2)
7 creatures vanquished.

Vanquished Creatures (others)
  A white imp (D:3)
1 creature vanquished.

Grand Total: 41 creatures vanquished

Notes
Turn   | Place    | Note
--------------------------------------------------------------
     0 | D:1      | Const the Deep Elf Wizard began the quest for the Orb.
     0 | D:1      | Reached XP level 1. HP: 10/10 MP: 7/7
   213 | D:1      | Reached skill level 5 in Spellcasting
   229 | D:1      | Reached XP level 2. HP: 15/15 MP: 2/10
   932 | D:1      | Reached XP level 3. HP: 11/19 MP: 8/12
  1218 | D:1      | Learned a level 2 spell: Blink
  1221 | D:1      | Learned a level 2 spell: Call Imp
  1690 | D:2      | Reached skill level 6 in Spellcasting
  2166 | D:2      | Learned a level 3 spell: Conjure Flame
  2170 | D:2      | Learned a level 3 spell: Mephitic Cloud
  2294 | D:3      | Noticed Grinder
  2300 | D:3      | Paralysed by Grinder for 6 turns
  2453 | D:4      | Reached XP level 4. HP: 24/24 MP: 12/14
  2489 | D:4      | Killed from afar by an orc priest

Vault maps used:
D:1:      minmay_arrival_semitransparent
D:2:      grunt_ministairs_3
D:3:      uniq_grinder
D:4:      serial_park_square1, cheibriados_altar_1,
          minmay_temple_entry_overgrown, first_bread, minivault_11

Action                   |  1- 3 |  4- 6 || total
-------------------------+-------+-------++-------
Melee: Short sword       |    44 |       ||    44
 Cast: Magic Dart        |    75 |     6 ||    81
       Call Imp          |    13 |       ||    13
  Use: Scroll            |     6 |       ||     6
       Potion            |     1 |       ||     1
 Stab: Sleeping          |     2 |       ||     2
  Eat: Chunk             |     3 |       ||     3
       Bread ration      |     1 |       ||     1
